 Dungeon Crawl Stone Soup version 0.32-a0-818-gb728d0252e (webtiles) character file.

Game seed: 10729714746777158817

42 Shayle the Apothecary (level 3, -8/27 HPs)
             Began as a Coglin Alchemist on Mar 23, 2024.
             Mangled by an iguana (10 damage)
             ... on level 3 of the Dungeon on Mar 24, 2024.
             The game lasted 00:06:12 (1521 turns).

Shayle the Apothecary (Coglin Alchemist)            Turns: 1521, Time: 00:06:13

Health: -8/27      AC:  6    Str:  7    XL:     3   Next: 54%
Magic:  4/5        EV: 11    Int: 20    God:
Gold:   157        SH:  0    Dex: 13    Spells: 4/5 levels left

rFire   . . .        e - +0 whip {Cashile}
rCold   . . .        h - +0 mace {Noor}
rNeg    . . .        a - +0 robe
rPois   .            (no helmet)
rElec   .            p - +0 cloak
rCorr   .            (no gloves)
SInv    .            f - +2 pair of boots
Will    .....        (amulet unavailable)
Stlth   ++           (ring unavailable)
HPRegen 0.24/turn    (ring unavailable)
MPRegen 0.09/turn    (no gizmo)

%: no passive effects
@: no status effects
A: off-hand wielding, slow wielding, warmup strikes, no jewellery, clever 1,
mutation resistance 1
a: Invent Gizmo


You were on level 3 of the Dungeon.
You visited 1 branch of the dungeon, and saw 3 of its levels.

You collected 157 gold pieces.

Inventory:

Hand Weapons
 e - a +0 whip (weapon) {Cashile}
 h - a +0 mace (offhand) {Noor}
Armour
 a - a +0 robe (worn)
 f - a +2 pair of boots (worn)
 o - a +1 scale mail of cold resistance
 p - a +0 cloak (worn)
Scrolls
 c - a scroll of fear {unknown}
 d - 3 scrolls of identify {unknown}
 g - 2 scrolls of revelation {unknown}
 i - 3 scrolls of fog {unknown}
 j - 3 scrolls of brand weapon {unknown}
 k - 2 scrolls of teleportation {unknown}
 l - a scroll of poison {unknown}
Potions
 b - a potion of magic
 n - a potion of mutation


   Skills:
 + Level 2.0 Fighting
 + Level 1.8 Ranged Weapons
 - Level 1.7 Dodging
 - Level 1.5 Stealth
 - Level 1.7 Spellcasting
 - Level 0.8 Conjurations
 - Level 3.2 Alchemy


You had 4 spell levels left.
You knew the following spells:

 Your Spells              Type           Power      Damage    Failure   Level
a - Sting                 Conj/Alch      40%        1d5       7%          1

Your spell library contained the following spells:

 Spells                   Type           Power      Damage    Failure   Level
 Magic Dart               Conj           20%        1d4       12%         1
 Mercury Vapours          Alch/Air       16%        N/A       12%         2
 Blink                    Tloc           2%         N/A       24%         2
 Call Imp                 Summ           2%         N/A       24%         2
 Mephitic Cloud           Conj/Alch/Air  7%         N/A       28%         3
 Olgreb's Toxic Radiance  Alch           14%        N/A       38%         4
 Sticky Flame             Fire/Alch      8%         2d4       63%         4


Dungeon Overview and Level Annotations

Branches:
Dungeon (3/15)

Altars:


Innate Abilities, Weirdness & Mutations

You can wield a second weapon in your off-hand.
It takes a long time for you to wield or remove held weapons.
Your first few attacks do less damage.
You cannot equip rings or amulets.
Your mind is acute. (Int +4, Str/Dex -1)
You are somewhat resistant to further mutation.


Message History

You kill the giant cockroach!
You see here a giant cockroach corpse.
An iguana and a kobold come into view.
You see here a giant cockroach corpse.
The iguana bites you!
You closely miss the iguana with your +0 mace.
You closely miss the iguana with your +0 whip.
The iguana bites you.
You sock the iguana with your +0 mace!
The iguana is moderately wounded.
You hit the iguana but do no damage. The iguana bites you!
* * * LOW HITPOINT WARNING * * *
The iguana bites you but does no damage.
Unknown command.
It was a potion of mutation.
You feel extremely strange.
You feel clever.
You feel genetically stable. The iguana bites you.
* * * LOW HITPOINT WARNING * * *
Okay, then.
It was a potion of curing.
You feel better. The iguana bites you.
* * * LOW HITPOINT WARNING * * *
You barely miss the iguana with your +0 whip.
The iguana is moderately wounded.
You hit the iguana but do no damage. The iguana bites you.
* * * LOW HITPOINT WARNING * * *
Unknown command.
Casting: Sting (safe; 7% risk of failure)
Confirm with . or Enter, or press ? or * to list all spells.
Aiming: Sting (safe; 7% risk of failure)
Press: ? - help, Shift-Dir - straight line, f - iguana
Aim: an iguana (moderately wounded, 75% to hit)
The sting hits the iguana.
The iguana is poisoned.
The iguana is heavily wounded.
The iguana barely misses you.
Unknown command.
The iguana attacks as it pursues you! The iguana closely misses you.
There is an open door here.
The iguana looks more healthy.
The iguana attacks as it pursues you! The iguana bites you!
You die...

...........>###
#######[#...... #.###.###
#....[.# #####..#
########### #..# ..
#.........# #..#
....##.........########..#
........†......l@........#
...............########.##
..........(....# #.#
....######.##### #.# ....
#.# #.# ... #.# #.# .. #.#
#.# .. #.# .#


You could see an iguana.

Vanquished Creatures
  An adder (D:2)
  A dart slug (D:2)
  4 endoplasms
  A giant cockroach (D:3)
  3 goblins
  5 hobgoblins
  2 jackals (D:1)
  2 ball pythons
  6 bats
  A frilled lizard (D:1)
  2 kobolds
  A rat (D:2)
29 creatures vanquished.

Notes
Turn   | Place    | Note
-------+----------+-------------------------------------------
     0 | D:1      | Shayle the Coglin Alchemist began the quest for the Orb.
     0 | D:1      | Reached XP level 1. HP: 13/13 MP: 3/3
   303 | D:1      | Reached skill level 1 in Fighting
   303 | D:1      | Reached XP level 2. HP: 19/21 MP: 1/4
   344 | D:1      | Reached skill level 1 in Ranged Weapons
  1034 | D:2      | Reached XP level 3. HP: 12/27 MP: 5/5
  1512 | D:3      | Gained mutation: Your mind is acute. (Int +4, Str/Dex -1)
                  | [potion of mutation]
  1512 | D:3      | Gained mutation: You are somewhat resistant to further
                  | mutation. [potion of mutation]
  1512 | D:3      | HP: 1/27 [iguana (6)]
  1521 | D:3      | Mangled by an iguana

Illustrated notes

Levels and vault maps discovered:
D:1:      mrwooster_arrival_arrow, layout_loops_ring, minivault_5,
          minmay_statues_item
D:2:      layout_rooms
D:3:      layout_basic, gup_sewer_entry_bowl

Skill      XL: |  1  2  3 |
---------------+----------+-----
Fighting       | 1 2 |  2.0
Ranged Weapons | 1 |  1.8
Dodging        | |  1.7
Stealth        | |  1.5
Spellcasting   | |  1.7
Conjurations   | |  0.8
Alchemy        | |  3.2

Action                     || total
---------------------------++-------
  Melee: Unarmed           ||     1
         Whip              ||    54
         Mace              ||    41
   Cast: Sting             ||    18
    Use: Potion            ||     2
   Stab: Sleeping          ||     4
 Armour: Robe              ||    51
  Dodge: Dodged            ||    38

Table legend: (Time is in decaauts)
 A = Elapsed time spent in this place.
 B = Non-inter-level travel time spent in this place.
 C = Inter-level travel time spent in this place.
 D = Time resting spent in this place.
 E = Time spent auto-exploring this place.
 F = Levels seen in this place.
 G = Mean time per level.
                   A        B        C        D        E       F      G
               +--------+--------+--------+--------+--------+-----+--------+
         Total |   1532 |   1500 |     32 |    127 |    975 |   3 |  510.7 |
       Dungeon |   1532 |   1500 |     32 |    127 |    975 |   3 |  510.7 |
               +--------+--------+--------+--------+--------+-----+--------+

Top non-repeatable levels by time:
     D:1: 967 daAuts
     D:2: 472 daAuts
     D:3: 92 daAuts
